 Dungeon Crawl Stone Soup version 0.19.5 (webtiles) character file.

1025 equalderp2856 the Gouger (level 8, -2/36 HPs)
             Began as a Felid Fighter on Mar 13, 2017.
             Slain by a centaur (6 damage)
             ... on level 7 of the Dungeon.
             The game lasted 00:23:06 (9021 turns).

equalderp2856 the Gouger (Felid Fighter)            Turns: 9021, Time: 00:23:07

Health: -2/36      AC:  2    Str: 13    XL:     8   Next: 2%
Magic:  10/14      EV: 22    Int:  9    God:
Gold:   194        SH:  0    Dex: 17    Spells: 2 memorised, 10 levels left
                                        Lives:  0   Deaths: 2

rFire  . . .     SeeInvis +       - Unarmed
rCold  . . .     Gourm    .     (armour unavailable)
rNeg   . . .     Faith    .     (shield unavailable)
rPois  .         Spirit   .     (helmet unavailable)
rElec  .         Reflect  .     (cloak unavailable)
rCorr  .         Harm     .     (gloves unavailable)
MR     +....                    (boots unavailable)
Stlth  +++.......               (no amulet)
                                (no ring)
                                (no ring)

@: quick
A: no armour, no weapons or thrown items, stealth, claws 1, fangs 3, see
invisible, carnivore 3, speed 1, shaggy fur 2, slow metabolism 1, sharp paws
a: no special abilities


You were on level 7 of the Dungeon.
You were not hungry.

You visited 1 branch of the dungeon, and saw 7 of its levels.

You collected 194 gold pieces.

Inventory:

Missiles
 e - 37 arrows
Jewellery
 t - an uncursed ring of resist corrosion {unknown}
 y - a +4 amulet of reflection {unknown}
Scrolls
 c - 4 scrolls of identify {unknown}
 d - 2 scrolls of remove curse {unknown}
 h - 2 scrolls of enchant armour {unknown}
 j - 2 scrolls of noise {unknown}
 k - a scroll of amnesia {unknown}
 l - 3 scrolls of fear {unknown}
 m - 2 scrolls of random uselessness {unknown}
 q - 3 scrolls of teleportation {unknown}
 r - a scroll of magic mapping {unknown}
 x - 3 scrolls of enchant weapon {unknown}
Potions
 a - 3 potions of might
 f - a potion of berserk rage {unknown}
 g - a potion of cancellation {unknown}
 i - a potion of agility
 n - a potion of brilliance {unknown}
 o - a potion of mutation {unknown}
 v - a potion of degeneration {unknown}
 w - a potion of haste
Books
 p - a book of Callings

   Spells                             Type                      Level
   a - Summon Small Mammal            Summoning                    1
   b - Call Imp                       Summoning                    2
   c - Call Canine Familiar           Summoning                    3
   d - Summon Guardian Golem          Hexes/Summoning              3
   e - Summon Lightning Spire         Summoning/Air                4
   f - Summon Ice Beast               Ice/Summoning                4
Comestibles
 b - 2 meat rations
 s - a beef jerky
 u - 3 bread rations


   Skills:
 + Level 3.7 Fighting
 + Level 6.5 Dodging
 + Level 4.0 Stealth
 + Level 8.0 Unarmed Combat
 + Level 3.3 Spellcasting
 + Level 3.7 Summonings


You had 10 spell levels left.
You knew the following spells:

 Your Spells              Type           Power        Failure   Level  Hunger
a - Summon Small Mammal   Summ           #...         8%          1    #......
b - Call Imp              Summ           #.......     12%         2    ###....


Dungeon Overview and Level Annotations

Branches:
Dungeon (7/15)             Temple (0/1) D:4

Altars:
Elyvilon
Ru
Sif Muna
Trog
Uskayaw

Shops:
D:6 [

Annotations:
D:2 Sigmund
D:5 tricornhat's ghost, novice DsBe


Innate Abilities, Weirdness & Mutations

You cannot wear armour.
You are incapable of wielding weapons or throwing items.
Your paws allow you to move quietly. (Stealth)
You have sharp claws.
You have razor-sharp teeth.
You have supernaturally acute eyesight. (SInv)
You are carnivorous and can eat meat at any time.
You cover ground quickly.
You are covered in thick fur. (AC +2)
You have a slow metabolism.
Your sharp claws are effective at attacking unaware monsters.


Message History

The jackal dies!
The adder bites your white imp.
The adder bites your white imp but does no damage.
Your white imp barely misses the adder.
The adder barely misses your white imp.
Your white imp closely misses the adder.
The adder bites your white imp.
Your white imp gestures at the adder.
The puff of frost misses the adder.
The puff of frost hits the centaur.
The adder bites your white imp but does no damage.
The adder barely misses your white imp.
Your white imp hits the adder.
Your white imp freezes the adder.
The adder dies!
The centaur shoots an arrow.
The arrow barely misses your white imp. The arrow closely misses you.
The centaur shoots an arrow.
The arrow hits your white imp!
Your white imp dies!
The centaur unwields an uncursed shortbow.
The centaur hits you.
You die...

#...(...##......#
#.......++......+
#.......##...hhZ#
#######.# ....S.#
#.# ..... #.# ...
#)# #+# #c# #.#
#@# #.# #.# #.#
#.#####.#####
#(..........#
#######.###.# #.#
#.# #.###.######
#...........
#.###.......


You could see a centaur.

Vanquished Creatures
  A sky beast (D:5)
  A phantom (D:5)
  A centaur (D:6)
  3 crimson imps
  2 orc priests (D:6)
  3 hounds
  A jelly (D:6)
  A gnoll shaman (D:6)
  2 bullfrog skeletons
  6 orc wizards
  An iguana (D:6)
  6 worker ants
  2 hound skeletons (D:4)
  Robin (D:1)
  4 adders
  2 shadow imps
  An ooze (D:4)
  2 worms
  6 leopard geckos
  18 orcs
  2 ball pythons
  2 giant cockroaches (D:2)
  23 goblins
  13 hobgoblins
  5 jackals (D:1)
  A quokka (D:4)
  7 bats
  5 frilled lizards
  A jackal skeleton (D:5)
  A kobold (D:2)
  2 leopard gecko skeletons
  2 quokka skeletons
  7 rats
135 creatures vanquished.

Vanquished Creatures (collateral kills)
  A human (D:7)
  An ogre (D:6)
  2 scorpions
  An adder (D:7)
  2 orcs
  A goblin (D:4)
  A jackal (D:7)
  A kobold (D:3)
10 creatures vanquished.

Vanquished Creatures (others)
  A water moccasin (D:6)
  A bullfrog (D:6)
2 creatures vanquished.

Grand Total: 147 creatures vanquished

Notes
Turn   | Place    | Note
-------+----------+-------------------------------------------
     0 | D:1      | equalderp2856 the Felid Fighter began the quest for the Orb.
     0 | D:1      | Reached XP level 1. HP: 10/10 MP: 2/2
   309 | D:1      | Reached XP level 2. HP: 11/14 MP: 3/3
   872 | D:1      | Reached XP level 3. HP: 12/17 MP: 4/4
  1370 | D:2      | Noticed Robin
  1455 | D:2      | Reached skill level 1 in Stealth
  1793 | D:1      | Killed Robin
  1793 | D:1      | Reached XP level 4. HP: 13/21 MP: 5/5
  1954 | D:2      | Noticed Sigmund
  2596 | D:2      | Reached skill level 5 in Unarmed Combat
  2609 | D:2      | Found a sacrificial altar of Ru.
  3056 | D:3      | Reached skill level 5 in Dodging
  3075 | D:3      | Learned a level 1 spell: Summon Small Mammal
  3078 | D:3      | Learned a level 2 spell: Call Imp
  3651 | D:4      | Found a staircase to the Ecumenical Temple.
  3895 | D:4      | Reached XP level 5. HP: 24/24 MP: 6/6
  4027 | D:4      | Found a bloodstained altar of Trog.
  4028 | D:4      | Found a hide-covered altar of Uskayaw.
  4030 | D:4      | Found a white marble altar of Elyvilon.
  4222 | D:4      | Reached skill level 1 in Summonings
  4494 | D:4      | Gained mutation: You are covered in thick fur. (AC +2) [Felid growth]
  4494 | D:4      | Reached XP level 6. HP: 22/28 MP: 7/7
  4751 | D:5      | Entered Level 5 of the Dungeon
  4788 | D:5      | Noticed tricornhat's ghost (novice DsBe)
  4894 | D:5      | Reached skill level 6 in Unarmed Combat
  4962 | D:5      | Reached skill level 1 in Spellcasting
  4973 | D:5      | Noticed a sky beast
  5001 | D:5      | Killed a sky beast
  5321 | D:5      | Reached XP level 7. HP: 23/31 MP: 8/10
  5368 | D:5      | Killed from afar by an orc wizard
  5369 | D:5      | Reached XP level 6. HP: -2/28 MP: 2/9
  5379 | D:5      | Found a deep blue altar of Sif Muna.
  5454 | D:5      | Killed from afar by an orc wizard
  5455 | D:5      | Reached XP level 5. HP: -2/24 MP: 6/8
  5671 | D:5      | Noticed a phantom
  5991 | D:5      | Killed a phantom
  5991 | D:5      | Reached XP level 6. HP: 24/28 MP: 2/9
  6392 | D:6      | Reached skill level 7 in Unarmed Combat
  6817 | D:6      | Found Cepninir's Antique Armour Emporium.
  6947 | D:6      | Reached XP level 7. HP: 28/31 MP: 11/11
  8763 | D:7      | Noticed a human
  8764 | D:7      | Noticed a human
  8764 | D:7      | Noticed a human
  8766 | D:7      | Noticed a human
  8997 | D:7      | HP: 1/31 [human/club (11)]
  9010 | D:7      | Killed a human
  9010 | D:7      | Reached skill level 8 in Unarmed Combat
  9010 | D:7      | Reached XP level 8. HP: 3/35 MP: 9/14
  9021 | D:7      | Slain by a centaur

Skill      XL: |  1  2  3  4  5  6  7 |
---------------+----------------------+-----
Stealth        | 1 2 3 4 |  4.0
Unarmed Combat | 5 7 8 |  8.0
Dodging        | 5 6 |  6.5
Summonings     | 1 2 3 |  3.7
Spellcasting   | 2 3 |  3.3
Fighting       | |  3.7

Action                   |  1- 3 |  4- 6 |  7- 9 || total
-------------------------+-------+-------+-------++-------
Melee: Unarmed           |   108 |   259 |   125 ||   492
       Bite              |     7 |    26 |     9 ||    42
       Punch             |     1 |     9 |     2 ||    12
 Cast: Summon Small Mamm |       |     7 |     2 ||     9
       Call Imp          |       |    27 |    10 ||    37
  Use: Potion            |       |     3 |     1 ||     4
 Stab: Sleeping          |     3 |     4 |     1 ||     8
       Distracted        |       |     1 |       ||     1
  Eat: Chunk             |     8 |     6 |     9 ||    23
       Pizza             |       |     1 |       ||     1
Armor: Skin              |     8 |    13 |     3 ||    24
Dodge: Dodged            |    97 |   211 |   100 ||   408
